 Dungeon Crawl Stone Soup version 0.29-a0-284-gf9362112df (webtiles) character file.

Game seed: 4681099826390785519

22 spaghetti the Magician (level 2, -1/19 HPs)
             Began as a Demonspawn Fire Elementalist on Mar 29, 2022.
             Slain by Terence
             ... wielding a +0 short sword
              (4 damage)
             ... on level 2 of the Dungeon.
             The game lasted 00:02:18 (1311 turns).

spaghetti the Magician (DsFE)                       Turns: 1311, Time: 00:02:18

Health: -1/19      AC:  3    Str:  8    XL:     2   Next: 68%
Magic:  0/5        EV: 12    Int: 16    God:
Gold:   28         SH:  0    Dex: 13    Spells: 5/6 levels left

rFire   . . .      SeeInvis .     - Unarmed
rCold   + + .      Faith    .   (no shield)
rNeg    . . .      Spirit   .   i - +1 robe {rC+}
rPois   .          Reflect  .   (no helmet)
rElec   .          Harm     .   (no cloak)
rCorr   .          Rampage  .   (no gloves)
Will    .....                   (no boots)
Stlth   ++........              (no amulet)
HPRegen 0.06/turn               j - ring of protection from cold
MPRegen 0.09/turn               (no ring)

@: no status effects
A: claws 1
a: no special abilities


You were on level 2 of the Dungeon.
You visited 1 branch of the dungeon, and saw 2 of its levels.

You collected 28 gold pieces.


Innate Abilities, Weirdness & Mutations

You have sharp fingernails.


   Skills:
 - Level 1.7 Dodging
 - Level 1.7 Stealth
 * Level 1.0 Unarmed Combat
 + Level 2.8 Spellcasting
 - Level 1.0 Conjurations
 - Level 2.6 Fire Magic


You had 5 spell levels left.
You knew the following spells:

 Your Spells              Type           Power      Damage    Failure   Level
a - Foxfire               Conj/Fire      32%        2x1d5     9%          1

Your spell library contained the following spells:

 Spells                   Type           Power      Damage    Failure   Level
 Scorch                   Fire           20%        2d6       10%         2
 Pain                     Necr           8%         1d4       19%         1
 Conjure Flame            Conj/Fire      8%         6-21      26%         3
 Inner Flame              Hex/Fire       6%         N/A       32%         3
 Flame Wave               Conj/Fire      8%         2d5       65%         4
 Agony                    Necr           2%         N/A       99%         5
 Excruciating Wounds      Necr           1%         N/A       99%         5
 Summon Cactus Giant      Summ           1%         N/A       100%        6

Inventory:

Hand Weapons
 c - a +0 hand axe {axe}
   (You found it on level 1 of the Dungeon)
 f - a +0 quarterstaff {staff}
   (You found it on level 1 of the Dungeon)
 g - a +0 dagger {short}
   (You took it off a goblin on level 1 of the Dungeon)
 h - a +0 short sword {short}
   (You found it on level 1 of the Dungeon)
Missiles
 e - 5 poisoned darts {throwing}
 k - 29 stones {throwing}
Armour
 a - a +0 robe
 i - a +1 robe of cold resistance (worn)
   (You found it on level 1 of the Dungeon)
Magical Staves
 d - a staff of earth {!astaff}
   (You found it on level 1 of the Dungeon)
Jewellery
 j - a ring of protection from cold (left claw)
   (You found it on level 2 of the Dungeon)

Dungeon Overview and Level Annotations

Branches:
Dungeon (2/15)

Altars:

Annotations:
D:2 Terence

#... #.#.............
#... #.#.............
..#.#.###.#.............
.......#....#########...
.. ###.....## #...
...#ยง...#..# ####
....โ€ .#.##.###
.............#
...#...@@ยง...# ..
#..>w.ยง...#
.............#
...###..##### .... ...#
... #...# ..### ...


You could see Terence and a worm.


Message History

You lost 1 mp, and now have 1/5 mp.
You are too injured to fight recklessly!
The foxfire hits the endoplasm.
You kill the endoplasm!
Your Unarmed Combat skill increases to level 1!
j - a ring of protection from cold
j - a ring of protection from cold (left claw)
Found a stone staircase leading down. ๐Ÿ˜Ž HP[+4] MP[+4]
Your hp is fully restored (19).
Your mp is fully restored (5).
Found a stone staircase leading down.
You pick up a book of Scorching and begin reading...
You add the spell Summon Cactus Giant to your library.
Okay, then.
You now have 28 gold pieces (gained 12).
You see here a +0 leather armour.
k - 29 stones {throwing} You see here a +0 leather armour.
Key pressed, stopping explore.
Found a stone staircase leading down.
You pick up a book of Pain and begin reading...
You add the spells Pain, Agony and Excruciating Wounds to your library.
A ball python comes into view.
A ball python is nearby!
You conjure some foxfire! ๐Ÿ˜Ž MP[-1]
You lost 1 mp, and now have 4/5 mp.
You conjure some foxfire!
The foxfire hits the ball python.
The ball python hisses angrily.
The foxfire hits the ball python.
You kill the ball python! ๐Ÿ˜Ž MP[-1]
You lost 1 mp, and now have 3/5 mp.
You conjure some foxfire!
Terence the Incautious comes into view.
He is wielding a +0 short sword. ๐Ÿ˜Ž MP[-1]
You lost 1 mp, and now have 2/5 mp.
The foxfire hits Terence. x2
The foxfire hits Terence but does no damage.
You conjure some foxfire!
A worm comes into view. ๐Ÿ˜Ž MP[-1]
You lost 1 mp, and now have 1/5 mp.
You conjure some foxfire!
The foxfire hits Terence but does no damage. x2 ๐Ÿ˜Ž MP[-1]
You lost 1 mp, and now have 0/5 mp.
You aren't carrying any items that you can evoke.
Magic courses through your body.
The foxfire hits Terence.
The foxfire hits Terence but does no damage. ๐Ÿ˜Ž MP[+5]
Your mp is fully restored (5).
You miscast Foxfire.
You are very lightly contaminated with residual magic.
Nothing appears to happen. ๐Ÿ˜Ž MP[-1]
You lost 1 mp, and now have 4/5 mp.
You conjure some foxfire!
Terence closely misses you. ๐Ÿ˜Ž MP[-1]
You lost 1 mp, and now have 3/5 mp.
You conjure some foxfire!
The foxfire hits Terence but does no damage. x2
Terence misses you. ๐Ÿ˜Ž MP[-1]
You lost 1 mp, and now have 2/5 mp.
You conjure some foxfire!
The foxfire hits Terence but does no damage.
The foxfire hits Terence.
Terence closely misses you. ๐Ÿ˜Ž MP[-1]
You lost 1 mp, and now have 1/5 mp.
You conjure some foxfire!
The foxfire hits Terence but does no damage.
The foxfire hits Terence.
Terence hits you with a +0 short sword. ๐Ÿ˜• HP[-2]
You take 2 damage, and now have 17/19 hp.
You conjure some foxfire!
The foxfire hits Terence.
The foxfire hits Terence but does no damage.
Terence hits you with a +0 short sword. ๐Ÿ˜• HP[-1] MP[-1]
You take 1 damage, and now have 16/19 hp.
You lost 1 mp, and now have 0/5 mp.
You are too injured to fight recklessly!
You scratch Terence but do no damage.
The foxfire hits Terence. x2
The worm bites you.
Terence hits you but does no damage. ๐Ÿ˜ฎ HP[-4]
You take 4 damage, and now have 12/19 hp.
MASSIVE DAMAGE!! (PAUSE)
You scratch Terence but do no damage. Terence hits you with a +0 short sword.
* * * LOW HITPOINT WARNING * * *
The worm bites you.
* * * LOW HITPOINT WARNING * * *
Your magical contamination has completely faded away. ๐Ÿ˜ฑ HP[-9]
You take 9 damage, and now have 3/19 hp.
MASSIVE DAMAGE!! (PAUSE)
You aren't carrying any potions.
You aren't carrying any scrolls.
You aren't carrying any items that you can evoke.
You scratch Terence but do no damage. Terence hits you with a +0 short sword.
You die...

Skill      XL: |  1  2 |
---------------+-------+-----
Unarmed Combat | 1 |  1.0
Dodging        | |  1.7
Stealth        | |  1.7
Spellcasting   | |  2.8
Conjurations   | |  1.0
Fire Magic     | |  2.6

Action                   || total
-------------------------++-------
Melee: Unarmed           ||    17
 Cast: Foxfire           ||    48
  Use: Potion            ||     1
Armor: Robe              ||     4
Dodge: Dodged            ||    13

Levels and vault maps discovered:
D:1:      lightli_arrival_windingriver, layout_basic
D:2:      layout_rooms, serial_shops, nicolae_shop_stone,
          basic_ecumenical_altar, uniq_terence

Notes
Turn   | Place    | Note
-------+----------+-------------------------------------------
     0 | D:1      | spaghetti the Demonspawn Fire Elementalist began the quest
                  | for the Orb.
     0 | D:1      | Reached XP level 1. HP: 13/13 MP: 3/3
     0 | D:1      | magus.rc [v1.9.6]
   416 | D:1      | Gained mutation: You have sharp fingernails. [demonic
                  | ancestry]
   416 | D:1      | Reached XP level 2. HP: 19/19 MP: 1/5
  1177 | D:2      | Reached skill level 1 in Unarmed Combat
  1241 | D:2      | You pick up a book of Scorching and begin reading...
  1292 | D:2      | You pick up a book of Pain and begin reading...
  1292 | D:2      | You add the spells Pain, Agony and Excruciating Wounds to
                  | your library.
  1298 | D:2      | Noticed Terence
  1310 | D:2      | HP: 3/19 [worm (6)]
  1311 | D:2      | Slain by Terence

Vanquished Creatures
  A dart slug (D:1)
  4 ball pythons
  3 endoplasms
  4 hobgoblins (D:1)
  3 bats
  A goblin (D:1)
  2 rats
18 creatures vanquished.

Vanquished Creatures (others)
  73 foxfires
73 creatures vanquished.

Grand Total: 91 creatures vanquished

Table legend:
 A = Non-vault XP
 B = Vault XP
 C = Vault XP percentage of total XP
 D = Non-vault monster count
 E = Vault monster count
 F = Vault count percentage of total count
                 A         B        C        D         E       F
            +---------+---------+-------+---------+---------+-------
      Total |      32 |       0 |   0.0 |      18 |       0 |   0.0
            +---------+---------+-------+---------+---------+-------
        D:1 |      25 |       0 |   0.0 |      14 |       0 |   0.0
        D:2 |       7 |       0 |   0.0 |       4 |       0 |   0.0
            +---------+---------+-------+---------+---------+-------

Illustrated notes

Table legend:
 A = Kills in this place as a percentage of kills in entire the game.
 B = Kills by you in this place as a percentage of kills by you in the entire game.
 C = Kills by friends in this place as a percentage of kills by friends in the entire game.
 D = Other kills in this place as a percentage of other kills in the entire game.
 E = Experience gained in this place as a percentage of experience gained in the entire game.
 F = Experience gained in this place divided by the number of levels of this place that you have seen.
                   A       B       C       D       E      F
               +-------+-------+-------+-------+-------+----------------------
         Total | 100.0 | 100.0 |   N/A |   N/A | 100.0 |  16.0
       Dungeon | 100.0 | 100.0 |   N/A |   N/A | 100.0 |  16.0
               +-------+-------+-------+-------+-------+----------------------

Table legend: (Time is in decaauts)
 A = Elapsed time spent in this place.
 B = Non-inter-level travel time spent in this place.
 C = Inter-level travel time spent in this place.
 D = Time resting spent in this place.
 E = Time spent auto-exploring this place.
 F = Levels seen in this place.
 G = Mean time per level.
                   A        B        C        D        E       F      G
               +--------+--------+--------+--------+--------+-----+--------+
         Total |   1311 |   1282 |     29 |      2 |   1124 |   2 |  655.5 |
       Dungeon |   1311 |   1282 |     29 |      2 |   1124 |   2 |  655.5 |
               +--------+--------+--------+--------+--------+-----+--------+

Top non-repeatable levels by time:
     D:1: 1172 daAuts
     D:2: 139 daAuts
